 Dungeon Crawl Stone Soup version bcrawl-1.21.2-28-g2cb1824106 (webtiles) character file.

Game seed: 4631796234682389607

58 MisterOstroum the Sneak (level 4, 5/30 HPs)
             Began as a Kobold Archaeologist on Mar 11, 2020.
             Was an Initiate of Gozag.
             Quit the game on level 2 of the Dungeon.
             The game lasted 00:04:21 (2935 turns).

MisterOstroum the Sneak (Kobold Archaeologist)      Turns: 2935, Time: 00:04:21

Health: 5/30       AC:  7    Str:  9    XL:     4   Next: 21%
Magic:  4/4        EV: 22    Int: 16    God:    Gozag
Gold:   263        SH:  0    Dex: 18    Spells: 3/3 levels left

rFire    . . .     SeeInvis .   j - +0 dagger (curse)
rCold    . . .     Gourm    .   (shield restricted)
rNeg     . . .     Faith    .   b - +1 robe
rPois    .         Spirit   .   u - +2 hat
rElec    .         Reflect  .   (no cloak)
rCorr    .         Harm     .   (no gloves)
MR       .....                  d - +1 pair of boots
Stlth    ++++......             (no amulet)
HPRegen  0.10/turn              (no ring)
MPRegen  0.09/turn              (no ring)

@: agile, gold aura, hasted, very quick
A: small, talons 1, carnivore, mutation resistance 1
a: Potion Petition, Call Merchant, Bribe Branch, Renounce Religion


You were on level 2 of the Dungeon.
You worshipped Gozag.
Gozag was aware of your devotion.
You were very full.

You visited 1 branch of the dungeon, and saw 3 of its levels.

You collected 263 gold pieces.

Inventory:

Hand Weapons
 a - a +0 whip
 j - a cursed +0 dagger (weapon)
 s - a +0 short sword
Missiles
 h - 889 sling bullets
 i - 477 arrows
 t - a stone (quivered)
 x - 130 bolts
Armour
 b - a +1 robe (worn)
 c - a +1 hat
 d - a +1 pair of boots (worn)
 m - a +0 ring mail
 u - a +2 hat (worn)
 v - a +0 plate armour
Scrolls
 g - a scroll of magic mapping {@r5 !r}
 n - a scroll of teleportation {unknown}
 q - 3 scrolls of remove curse {unknown}
 r - a scroll of fog {unknown}
 w - 3 scrolls of identify {unknown}
Potions
 k - 2 potions of curing {unknown}
 l - 2 potions of haste {unknown}
 o - 2 potions of might {unknown}
 p - a potion of brilliance {unknown}
 z - a potion of lignification {unknown}
Miscellaneous
 f - a dusty tome
Comestibles
 e - 2 rations {!d}


   Skills:
 * Level 2.5 Fighting
 * Level 2.3 Short Blades
 - Level 0.8 Maces & Flails
 + Level 4.0 Dodging
 + Level 4.9 Stealth


You had 3 spell levels left.
You didn't know any spells.
Your spell library was empty.

Dungeon Overview and Level Annotations

Branches:
Dungeon (3/12)

Altars:
Gozag
Vehumet


Innate Abilities, Weirdness & Mutations

You are small and have problems with some larger weapons.
You have sharp toenails.
You are carnivorous and can eat meat at any time.
You are somewhat resistant to further mutation.


Message History

Found a dagger.
There is a stone staircase leading up here.
An orc priest is nearby!
An orc priest is nearby!
Found a scroll labeled TOLUTUIXZU.
The orc priest shouts!
You hear a shout! x2
You hit the orc priest but do no damage.
A leopard gecko comes into view.
The orc priest closely misses you.
The leopard gecko hisses angrily.
You hit the orc priest but do no damage.
An orc comes into view. It is wielding a +0 flail.
The orc priest calls down the wrath of Beogh upon you.
Beogh smites you!
Ouch! That really hurt!
You are too injured to fight recklessly!
You are too injured to fight recklessly!
You are too injured to fight recklessly!
You are too injured to fight recklessly!
You are too injured to fight recklessly!
You barely miss the orc priest. You barely miss the orc priest.
The orc priest closely misses you.
You hit the orc priest but do no damage.
An orc priest comes into view. It is wielding a +0 mace.
The orc priest invokes the aid of Beogh against you.
Pain shoots through your body!
You barely miss the orc priest.
The orc priest shouts!
You hit the orc priest but do no damage.
The orc priest closely misses you. The leopard gecko misses you.
Unknown command.
The leopard gecko completely misses you.
Evoke which item? (* to show all) (? for menu, Esc to quit)
Okay, then. [a] - 0 gold - invisibility and agility [b] - 0 gold - heal wounds, haste and agility [c] - 0 gold - haste and flight Purchase which effect?
You feel much better.
You feel yourself speed up.
You feel agile all of a sudden.
The leopard gecko completely misses you.
The orc priest misses you.
You closely miss the orc priest.
The leopard gecko completely misses you.
You hit the orc priest but do no damage.
The orc priest closely misses you.
The leopard gecko completely misses you.
You hit the orc priest but do no damage.
The leopard gecko bites you.
You hit the orc priest.
The orc priest is moderately wounded.
The orc priest invokes the aid of Beogh against you.
Beogh smites you! The orc priest misses you.
The orc priest mumbles some strange prayers to Beogh against you.
Pain shoots through your body!
* * * LOW HITPOINT WARNING * * *
The orc priest calls upon Beogh to heal the orc priest.
The orc priest's wounds heal themselves!
There is a stone staircase leading up here.
You climb upwards.
There is a stone staircase leading down here.
You hit the leopard gecko but do no damage.
The leopard gecko completely misses you.
You miss the leopard gecko. The leopard gecko misses you.
You closely miss the leopard gecko. The leopard gecko misses you.
You hit the leopard gecko.
The leopard gecko is moderately wounded.
The leopard gecko misses you.
You barely miss the leopard gecko.
The leopard gecko is moderately wounded.
You barely miss the leopard gecko.
The leopard gecko is moderately wounded.
The leopard gecko completely misses you.
You closely miss the leopard gecko.
The leopard gecko is moderately wounded.
The leopard gecko completely misses you.
You hit the leopard gecko but do no damage.
The leopard gecko is moderately wounded.
You barely miss the leopard gecko.
The leopard gecko is moderately wounded.
The leopard gecko closely misses you.
You hit the leopard gecko.
The leopard gecko is severely wounded.
The leopard gecko bites you but does no damage.
You barely miss the leopard gecko.
The leopard gecko is severely wounded.
The leopard gecko completely misses you.
You hit the leopard gecko but do no damage.
The leopard gecko is severely wounded.
You hit the leopard gecko.
The leopard gecko is almost dead.
The leopard gecko misses you.
You hit the leopard gecko.
You kill the leopard gecko!
You now have 263 gold pieces (gained 8).
There isn't anything here!
There is a stone staircase leading down here.
There is a stone staircase leading down here.
Okay, then.
Are you sure you want to abandon this character and quit the game? (Confirm with "yes".)

##### #...[ #.##'
##############.#..
#.##....<......#.. #####
#..#.#######.####' ....#
#..#.#.....#.##... ###.#
#@.#.#.....#.#.(). # #.#
#>...........#.... #
#.############.##.#.#.#<#.#....
###...#.............#.#.######...
##....#.########.####.#.#....####
##....#.#..........##.#.#.##.##.#
##......#..#..##......#...##.##..
##.........#...#.#.#########.....
...........#####.#.........#.....


There were no monsters in sight!

Vanquished Creatures
  An ooze (D:2)
  3 worms (D:2)
  2 dart slugs (D:1)
  3 leopard geckos
  5 goblins
  7 hobgoblins
  2 ball pythons
  6 bats
  5 frilled lizards
  2 kobolds
  4 rats
40 creatures vanquished.

Notes
Turn   | Place    | Note
-------+----------+-------------------------------------------
     0 | D:1      | MisterOstroum the Kobold Archaeologist began the quest for
                  | the Orb.
     0 | D:1      | Reached XP level 1. HP: 13/13 MP: 1/1
   334 | D:1      | Reached XP level 2. HP: 18/18 MP: 2/2
   481 | D:1      | Reached skill level 1 in Short Blades
   591 | D:1      | Reached XP level 3. HP: 23/24 MP: 3/3
  1534 | D:2      | Found a radiant altar of Vehumet.
  1857 | D:2      | Found a faded altar of an unknown god.
  1874 | D:2      | Became a worshipper of Gozag Ym Sagoz the Greedy
  1968 | D:2      | Reached XP level 4. HP: 30/30 MP: 4/4
  2935 | D:2      | Quit the game

Skill      XL: |  1  2  3  4 |
---------------+-------------+-----
Short Blades   | 1 2 |  2.3
Fighting       | 2 |  2.5
Dodging        | 4 |  4.0
Maces & Flails | |  0.8
Stealth        | |  4.9

Action                   |  1- 3 |  4- 6 || total
-------------------------+-------+-------++-------
Melee: Dagger            |   215 |   118 ||   333
       Whip              |    10 |       ||    10
Invok: Potion Petition   |       |     1 ||     1
 Stab: Sleeping          |     9 |     1 ||    10
  Eat: Chunk             |    12 |       ||    12
       Ration            |       |     1 ||     1
Armor: Robe              |    36 |     8 ||    44
Dodge: Dodged            |   163 |    52 ||   215
